 Dungeon Crawl Stone Soup version 0.26-a0-1191-ge2a0e31ab3 (webtiles) character file.

Game seed: 4995713903938213723

53 tsouns the Sneak (level 3, -5/29 HPs)
             Began as a Demonspawn Delver on Dec 29, 2020.
             Was an Initiate of Okawaru.
             Killed from afar by an orc wizard (8 damage)
             ... with a magic dart
             ... on level 3 of the Dungeon.
             The game lasted 00:01:38 (789 turns).

tsouns the Sneak (Demonspawn Delver)                 Turns: 789, Time: 00:01:39

Health: -5/29      AC:  3    Str: 12    XL:     3   Next: 64%
Magic:  3/3        EV: 12    Int: 12    God:    Okawaru [......]
Gold:   20         SH:  0    Dex: 14    Spells: 2/2 levels left

rFire    . . .     SeeInvis .     - Unarmed
rCold    . . .     Faith    .   (no shield)
rNeg     . . .     Spirit   .   a - +0 leather armour
rPois    .         Reflect  .   (no helmet)
rElec    .         Harm     .   (no cloak)
rCorr    .         Rampage  .   (no gloves)
Will     .....                  (no boots)
Stlth    ++........             (no amulet)
HPRegen  0.09/turn              (no ring)
MPRegen  0.08/turn              (no ring)

@: no status effects
A: talons 1
a: Renounce Religion


You were on level 3 of the Dungeon.
You worshipped Okawaru.
Okawaru was noncommittal.
You visited 1 branch of the dungeon, and saw 3 of its levels.

You collected 20 gold pieces.

Inventory:

Armour
 a - a +0 leather armour (worn)
Wands
 f - a wand of digging (3)
Scrolls
 b - a scroll of fog
 c - a scroll of magic mapping
 d - a scroll of fear
 h - a scroll of random uselessness {unknown}
Potions
 e - a potion of haste
 g - a potion of heal wounds {unknown}


   Skills:
 + Level 3.6 Fighting
 - Level 1.7 Dodging
 - Level 4.5 Stealth
 * Level 3.1 Unarmed Combat


You had 2 spell levels left.
You didn't know any spells.
Your spell library was empty.

Dungeon Overview and Level Annotations

Branches:
Dungeon (5/15)
 Temple: D:4-7

Altars:
Okawaru


Innate Abilities, Weirdness & Mutations

You have sharp toenails.


Message History

The orc wizard hits you with a +0 dagger.
You closely miss the orc wizard. Your kick misses the orc wizard.
Your punch misses the orc wizard.
The orc wizard is lightly wounded.
The orc wizard misses you.
You hit the orc wizard but do no damage.
The orc wizard is lightly wounded.
The orc wizard gestures wildly while chanting.
The orc wizard seems to speed up.
Okay, then.
You closely miss the orc wizard.
The orc wizard is lightly wounded.
The orc wizard points at you and mumbles some strange words.
The puff of frost hits you!
* * * LOW HITPOINT WARNING * * *
You closely miss the orc wizard.
The orc wizard is lightly wounded.
The orc wizard gestures at you while chanting.
The magic dart hits you!
You die... ### #### ######## #oo

..# #....... #o#
#.# #.#####.
#o####.####.#####.
#@##...........##.
#.##.#.####.##.##.
#####......#
#.......
............#
#.......
#######....##
##.#.### #...##
#.#.### ###.#
#.#..## #.#
#.##.## ##+#
#.##.##


You could see an orc wizard (fast) and 3 orcs.

Vanquished Creatures
  3 adders
  An adder zombie (D:5)
  6 orcs
  2 giant cockroaches (D:4)
  2 goblins (D:3)
  A bat (D:3)
  A frilled lizard (D:4)
  2 kobolds (D:3)
18 creatures vanquished.

Notes
Turn   | Place    | Note
-------+----------+-------------------------------------------
     0 | D:5      | tsouns the Demonspawn Delver began the quest for the Orb.
     0 | D:5      | Reached XP level 1. HP: 18/18 MP: 1/1
    44 | D:5      | Gained mutation: You have sharp toenails. [demonic
                  | ancestry]
    44 | D:5      | Reached XP level 2. HP: 7/24 MP: 2/2
   161 | D:5      | Noticed a centaur
   334 | D:3      | Reached XP level 3. HP: 25/29 MP: 3/3
   535 | D:3      | Found an iron altar of Okawaru.
   549 | D:3      | Became a worshipper of Warmaster Okawaru
   789 | D:3      | Killed from afar by an orc wizard

Illustrated notes

Levels and vault maps discovered:
D:3:      corexii_shack_village, layout_loops_corners,
          okawaru_ov_weapons_minmay, overflow_temple_1_default,
          gammafunk_ghost_split, minmay_cut_off, uniq_terence
D:4:      layout_loops_ring, minmay_temple_entry_hall,
          gammafunk_ghost_gnarly_gnolls, uniq_sigmund
D:5:      layout_loops_cross, minitemple, makhleb_heckhound_becter,
          serial_shops, shop

Skill      XL: |  1  2  3 |
---------------+----------+-----
Unarmed Combat | 2 3 |  3.1
Fighting       | |  3.6
Dodging        | |  1.7
Stealth        | |  4.5

Action                   || total
-------------------------++-------
Melee: Unarmed           ||    81
       Punch             ||     1
       Kick              ||     8
 Stab: Sleeping          ||     7
Armor: Leather armour    ||    11
Dodge: Dodged            ||    39

Table legend: (Time is in decaauts)
 A = Elapsed time spent in this place.
 B = Non-inter-level travel time spent in this place.
 C = Inter-level travel time spent in this place.
 D = Time resting spent in this place.
 E = Time spent auto-exploring this place.
 F = Levels seen in this place.
 G = Mean time per level.
                   A        B        C        D        E       F      G
               +--------+--------+--------+--------+--------+-----+--------+
         Total |    783 |    783 |      0 |     90 |    522 |   3 |  261.0 |
       Dungeon |    783 |    783 |      0 |     90 |    522 |   3 |  261.0 |
               +--------+--------+--------+--------+--------+-----+--------+

Top non-repeatable levels by time:
     D:3: 499 daAuts
     D:5: 169 daAuts
     D:4: 114 daAuts
